Description

TVT BattleCruiser Rush

Build Order

Get SALT Encoding   

  14  0:17  Supply Depot  
  16  0:40  Barracks  
  16  0:43  Refinery  
  17  0:53  Refinery  
  18  1:28  Orbital Command, Reaper  
  19  1:29  Supply Depot  
  20  1:44  Factory  
  21  2:00  Reaper  
  24  2:29  Command Center  
  25  2:37  Starport  
  26  2:45  Hellion  
  28  2:48  Barracks Reactor  
  30  3:10  Factory Tech Lab  Swap w/ Starport
  30  3:14  Fusion Core  
  31  3:26  Marine x2  
  33  3:29  Refinery  
  36  3:55  Marine x2  
  38  4:04  Battlecruiser  
  45  4:08  Factory Tech Lab  
  45  4:13  Marine x2  
  50  4:29  Cyclone  
  56  4:42  Marine x2  
  58  5:01  Marine x2  
  60  5:11  Command Center, Battlecruiser  
  65  5:26  Marine x2, Refinery  
  67  5:30  Cyclone  
  74  5:46  Weapon Refit  Yamato Cannon
  80  6:16  Refinery, Battlecruiser, Siege Tank  
  89  6:17  Marine x2  
  91  6:18  Refinery  
  91  6:24  Orbital Command  
  95  6:42  Factory x2  Transition to full Mech
Spawning Tool Build Advisor. Get it on Overwolf

Go to:

Details

  • Created by: neoaer
  • Published on: Sep 17, 2022
  • Modified on: Sep 17, 2022
  • Patch: 4.11.0
  • Difficulty: Easy
Show
View Real Time Build Order
Export as new Build Order

Comments (0)

There are no comments. Be the first!

Create an account to comment!